 Dungeon Crawl Stone Soup version 0.20.1-1-g8b1a95d (console) character file.

60072 vuolankoinen the Unseen (level 14, -4/101 HPs)
             Began as an Octopode Wizard on Nov 22, 2017.
             Was the Champion of Ashenzari.
             Slain by an alligator (7 damage)
             ... on level 1 of the Swamp.
             The game lasted 02:10:12 (24067 turns).

vuolankoinen the Unseen (Octopode Wizard)          Turns: 24067, Time: 02:10:13

Health: -4/101     AC:  4    Str: 12    XL:     14   Next: 97%
Magic:  12/25      EV: 20    Int: 29    God:    Ashenzari [******]
Gold:   1290       SH:  7    Dex: 11    Spells: 2/28 levels left

rFire    + + .     SeeInvis +   h - +2 dagger (elec) (curse)
rCold    + + .     Gourm    .   I - +0 buckler {AC+3} (curse)
rNeg     . . .     Faith    .   a - +0 hat (curse)
rPois    +         Spirit   .   b - amulet of regeneration (curse)
rElec    .         Reflect  .   v - ring of protection from cold (curse)
rCorr    .         Harm     .   z - ring of poison resistance (curse)
MR       +....     Clarity  +   O - ring "Fiujuoxt" {rF+ Str+4 Slay+3} (curse)
Stlth    +++++++++.             T - ring of Icygyj {rC+ Int+4} (curse)
Regen    0.7/turn               Y - ring of stealth
MPRegen  0.2/turn               k - +2 ring of strength
                                r - ring of protection from fire
                                (no ring)

@: no status effects
A: almost no armour, stealthy swim, amphibious, 8 rings, constrict 8, camouflage
1, gelatinous body 1
a: Curse Item, Scrying, Transfer Knowledge, Renounce Religion


You were on level 1 of the Swamp.
You worshipped Ashenzari.
Ashenzari was exalted by your worship.
You were hungry.

You visited 4 branches of the dungeon, and saw 20 of its levels.
You also visited: Labyrinth.

You collected 1650 gold pieces.
You spent 360 gold pieces at shops.

Inventory:

Hand Weapons
 h - a cursed +2 dagger of electrocution (weapon)
 R - a +0 short sword of distortion
Missiles
 j - 8 javelins (quivered)
Armour
 a - a cursed +0 hat (worn)
 I - a cursed +0 buckler of protection (worn)
Jewellery
 b - a cursed amulet of regeneration (around mantle)
 k - a +2 ring of strength (on tentacle)
 r - a ring of protection from fire (on tentacle)
 v - a cursed ring of protection from cold (left tentacle)
 z - a cursed ring of poison resistance (right tentacle)
 O - the cursed ring "Fiujuoxt" (on tentacle) {rF+ Str+4 Slay+3}
   (You acquired it on level 10 of the Dungeon)

   [ring of protection from fire]

   It affects your strength (+4).
   It affects your accuracy and damage with ranged weapons and melee attacks
   (+3).
   It protects you from fire.
   It has a curse placed upon it.
 T - the cursed ring of Icygyj (on tentacle) {rC+ Int+4}
   (You acquired it on level 10 of the Dungeon)

   [ring of intelligence]

   It affects your intelligence (+4).
   It protects you from cold.
   It has a curse placed upon it.
 Y - a ring of stealth (on tentacle)
Wands
 g - a wand of disintegration (19/24)
 p - a wand of polymorph (12/24)
 L - a wand of lightning (8/15)
 P - a wand of paralysis (18/24)
 U - a wand of paralysis (12/24)
 X - a wand of iceblast (6/15)
 Z - a wand of iceblast (8/15)
Scrolls
 e - 8 scrolls of remove curse
 l - a scroll of brand weapon {unknown}
 n - 5 scrolls of teleportation
 q - a scroll of amnesia
 t - 2 scrolls of blinking
 w - 8 scrolls of enchant armour {unknown}
 A - 4 scrolls of fear {unknown}
 E - a scroll of enchant weapon {unknown}
 F - 4 scrolls of magic mapping {unknown}
 J - 4 scrolls of holy word {unknown}
 K - 2 scrolls of immolation {unknown}
Potions
 d - 2 potions of flight
 i - 5 potions of curing
 m - a potion of might
 u - 5 potions of brilliance
 C - a potion of agility
 D - 4 potions of haste
 G - 2 potions of ambrosia
 Q - 4 potions of lignification
 S - a potion of invisibility {unknown}
 W - a potion of magic
Comestibles
 c - 13 bread rations
 f - 4 meat rations
 o - 3 royal jellies


   Skills:
 * Level 11.2 Fighting
 + Level 9.3(13.6) Short Blades
 + Level 8.4(12.8) Dodging
 + Level 16.8(20.6) Stealth
 * Level 9.4(12.3) Shields
 + Level 7.8 Spellcasting
 + Level 6.0(9.1) Conjurations
   Level 1.0(2.7) Summonings
 + Level 3.4(6.1) Translocations
 + Level 0.8(2.3) Transmutations
 + Level 0.2(1.0) Fire Magic
 * Level 5.4(8.4) Ice Magic
 + Level 4.6(7.5) Air Magic
 - Level 2.5(5.0) Poison Magic


You had 2 spell levels left.
You knew the following spells:

 Your Spells              Type           Power        Failure   Level  Hunger
a - Magic Dart            Conj           ####         1%          1    None
b - Blink                 Tloc           N/A          1%          2    None
c - Mephitic Cloud        Conj/Pois/Air  ######..     1%          3    None
d - Stone Arrow           Conj/Erth      #####.       1%          3    None
e - Passwall              Tmut/Erth      ###.......   4%          2    None
f - Conjure Flame         Conj/Fire      #####...     1%          3    None
g - Freezing Cloud        Conj/Ice/Air   ######....   22%         6    ######.
h - Bolt of Cold          Conj/Ice       ######....   19%         6    ######.


Dungeon Overview and Level Annotations

Branches:
Dungeon (11/15)            Temple (1/1) D:5            Lair (6/6) D:8
  Swamp (2/4) Lair:3        Snake (0/4) Lair:4        Slime (0/5) Lair:6
    Orc (0/2) D:9

Altars:
Ashenzari
Cheibriados
Dithmenos
Elyvilon
Fedhas
Gozag
Hepliaklqana
Kikubaaqudgha
Makhleb
Nemelex Xobeh
Okawaru
Qazlal
Ru
Sif Muna
Trog
Uskayaw
Vehumet
Xom
Yredelemnul
Zin
The Shining One
Beogh

Shops:
D:5 [([%[   D:8 (

Annotations:
D:11 exclusion: manticore
Lair:1 pino 1
Lair:5 exclusions: downstairs and 1 more exclusion, Kirke
Swamp:1 1 exclusion, Louise


Innate Abilities, Weirdness & Mutations

You cannot wear most types of armour.
You are very stealthy in the water. (Stealth+)
You are amphibious.
You can wear up to eight rings at the same time.
You can use your tentacles to constrict eight enemies at once.
Your skin changes colour to match your surroundings (Stealth+).
Your rubbery body absorbs attacks. (AC +1, EV +1)


Message History

Casting: Mephitic Cloud
Confirm with . or Enter, or press ? or * to list all spells.
You blink.
Floosh!
Casting: Blink
Confirm with . or Enter, or press ? or * to list all spells.
You blink.
Casting: Blink
Confirm with . or Enter, or press ? or * to list all spells.
Aiming: Mephitic Cloud
Press: ? - help, Shift-Dir - straight line, f/p - alligator
Aim: an alligator (water, lightly wounded, covering ground quickly)
The ball explodes into a vile cloud!
The stinking cloud engulfs the alligator.
The alligator is lightly wounded.
The alligator is engulfed in noxious fumes.
The alligator bites you!
* * * LOW HITPOINT WARNING * * *
The alligator tail-slaps you!
You die...

♣♣♣≈.......♣♣ ♣...≈
♣≈..≈§....♣♣♣♣..≈≈
♣♣.≈≈≈≈≈≈≈≈.♣♣♣≈.≈
♣.≈≈≈≈≈≈≈≈.♣♣♣♣♣.
♣.≈≈≈≈.≈≈≈♣♣♣♣♣♣♣
♣♣.§.≈§.§..♣♣♣♣♣♣≈
♣♣≈≈..≈§§§≈.♣♣♣♣♣≈.
♣♣§≈§..≈§.§≈≈♣♣♣♣♣♣≈
♣♣.§§§.≈....>.♣♣.§.♣♣
♣≈.§t§≈≈...≈..♣♣≈≈≈♣♣
♣≈≈≈@≈.....♣♣.≈.♣≈♣♣♣
♣.≈≈.♣.≈.≈♣♣♣≈≈≈♣♣♣♣♣
♣....♣...♣♣♣...♣♣♣♣♣♣
♣♣♣♣♣♣≈.♣♣♣♣♣≈.≈≈.♣♣♣♣♣♣
♣.≈≈≈≈≈.≈♣≈...≈≈≈.♣♣♣♣♣♣
♣.≈≈≈§≈≈.♣♣....≈≈.♣♣♣♣♣♣
♣≈≈≈≈≈≈≈.♣♣♣.≈.≈§...♣♣♣♣
♣♣.≈≈....♣♣♣♣♣....≈.♣♣♣♣
♣≈≈≈≈....≈♣...≈≈≈≈≈.≈.♣
♣.≈≈≈≈≈.≈♣♣.≈≈§≈≈≈≈....
♣§.≈≈≈≈.♣♣♣...≈≈≈≈..♣≈.


You could see an alligator.

Vanquished Creatures
  Gastronok (D:8)
  An ettin (D:11)
  A minotaur (Lab)
  The ghost of Zeloya the Nimble, a journeyman KoAE of Cheibriados (Lab)
  4 hydras
  Josephine (Lair:6)
  The ghost of bananaglory the Thaumaturge, a journeyman DrWz of Sif Muna (Lair:1)
  3 catoblepae (Lair:6)
  4 two-headed ogres
  10 death yaks
  A spriggan (Swamp:2)
  2 unseen horrors (Lab)
  A cyclops (D:11)
  2 manticores (Lair:6)
  5 elephants (Lair:2)
  Maurice (D:10)
  9 black mambas
  A centaur zombie (D:10)
  3 torpor snails (Lair:5)
  4 spiny frogs
  A rime drake (Lair:6)
  8 komodo dragons
  A troll (D:11)
  A tyrant leech (Swamp:2)
  6 slime creatures (Swamp:1)
  4 blink frogs
  7 dream sheep (Lair:4)
  A hornet (Swamp:2)
  13 hippogriffs
  2 shadows (Swamp:1)
  A redback (Lab)
  3 wraiths (Lair:6)
  A wyvern (Lair:4)
  69 yaks
  3 basilisks
  3 hungry ghosts
  2 vampire mosquitoes (Swamp:1)
  3 nagas (Lair:4)
  6 insubstantial wisps
  20 water moccasins
  6 porcupines
  5 ice beasts
  7 sky beasts
  3 orc warriors
  A black bear (D:8)
  4 phantoms
  7 ogres
  10 wolves
  4 centaurs
  2 big kobolds
  12 crocodiles
  A gnoll sergeant (D:9)
  12 bullfrogs
  6 scorpions
  8 killer bees
  An electric eel (D:9)
  8 howler monkeys
  A wight (D:5)
  2 troll skeletons (Lab)
  A bullfrog zombie (D:9)
  7 crimson imps
  5 lava snakes
  7 orc priests
  18 jellies
  12 hounds
  A centaur skeleton (D:9)
  4 orc wizards
  4 bullfrog skeletons
  5 iguanas
  Ijyb (D:4)
  12 worker ants
  A killer bee zombie (D:9)
  2 ogre skeletons (Lab)
  A hound skeleton (D:9)
  A howler monkey zombie (D:5)
  A howler monkey skeleton (D:8)
  14 adders
  7 gnolls
  2 shadow imps (D:5)
  3 oozes
  An adder zombie (D:8)
  5 worms
  2 dart slugs
  5 leopard geckos
  40 orcs
  8 bats
  4 giant cockroaches
  17 goblins
  9 hobgoblins
  12 jackals
  6 quokkas
  2 ball pythons
  4 frilled lizards
  2 gnoll zombies (D:9)
  12 kobolds
  A quokka skeleton (D:7)
  5 rats
555 creatures vanquished.

Vanquished Creatures (others)
  4 fungi (Lair:6)
  14 plants (Lair:6)
18 creatures vanquished.

Grand Total: 573 creatures vanquished

Notes
Turn   | Place    | Note
-------+----------+-------------------------------------------
     0 | D:1      | vuolankoinen the Octopode Wizard began the quest for the Orb.
     0 | D:1      | Reached XP level 1. HP: 11/11 MP: 4/4
   136 | D:1      | Reached XP level 2. HP: 9/17 MP: 3/6
   140 | D:1      | Learned a level 2 spell: Blink
   154 | D:1      | Reached skill level 3 in Stealth
  1151 | D:1      | Reached XP level 3. HP: 22/22 MP: 7/7
  2084 | D:2      | Reached skill level 1 in Fighting
  2246 | D:2      | Reached XP level 4. HP: 21/28 MP: 6/9
  2706 | D:3      | Reached skill level 4 in Stealth
  2872 | D:3      | Found a faded altar of an unknown god.
  2899 | D:3      | Reached skill level 1 in Short Blades
  2899 | D:3      | Reached XP level 5. HP: 21/33 MP: 10/10
  2914 | D:3      | Became a worshipper of Ashenzari the Shackled
  2914 | D:3      | Reached * piety under Ashenzari
  2977 | D:3      | Found a glowing golden altar of the Shining One.
  2977 | D:3      | Found a white marble altar of Elyvilon.
  2977 | D:3      | Found a glowing silver altar of Zin.
  3146 | D:3      | Found a shattered altar of Ashenzari.
  3225 | D:3      | Reached skill level 5 in Stealth
  3235 | D:3      | Learned a level 3 spell: Mephitic Cloud
  3291 | D:3      | Found a shimmering altar of Xom.
  3417 | D:4      | Reached XP level 6. HP: 31/40 MP: 11/11
  3423 | D:4      | Reached skill level 6 in Stealth
  3936 | D:4      | Noticed Ijyb
  3955 | D:4      | Killed Ijyb
  4333 | D:5      | Entered Level 5 of the Dungeon
  4382 | D:5      | Found Bumyetott's Armour Shoppe.
  4388 | D:5      | Found Zaolyk's Food Boutique.
  4390 | D:5      | Found Eraidui's Armour Shoppe.
  4499 | D:5      | Found Ohuitua's Antique Armour Emporium.
  4514 | D:5      | You fall through a shaft!
  4566 | D:6      | HP: 1/41 [worker ant (4)]
  5123 | D:6      | Reached XP level 7. HP: 30/46 MP: 5/12
  5266 | D:6      | Reached skill level 1 in Poison Magic
  5271 | D:6      | Noticed a two-headed ogre
  5417 | D:7      | Reached ** piety under Ashenzari
  5447 | D:7      | Noticed a hippogriff
  5727 | D:7      | Found a hazy altar of Hepliaklqana.
  5733 | D:7      | Reached skill level 7 in Stealth
  5823 | D:7      | Noticed a hungry ghost
  5889 | D:7      | Reached skill level 1 in Air Magic
  5889 | D:7      | Reached XP level 8. HP: 35/53 MP: 10/14
  6359 | D:5      | Found a staircase to the Ecumenical Temple.
  6368 | Temple   | Entered the Ecumenical Temple
  6368 | Temple   | Reached *** piety under Ashenzari
  6616 | D:5      | Reached skill level 8 in Stealth
  6694 | D:5      | Found Mube's Weapon Emporium.
  6979 | D:5      | Found a sparkling altar of Nemelex Xobeh.
  7070 | D:5      | Reached XP level 9. HP: 45/60 MP: 6/16
  7311 | D:5      | Bought a shiny buckler for 180 gold pieces
  7413 | D:6      | Reached skill level 5 in Fighting
  7669 | D:6      | Found an ancient bone altar of Kikubaaqudgha.
  7824 | D:6      | Killed a two-headed ogre
  7824 | D:6      | Reached skill level 5 in Dodging
  7824 | D:6      | Reached skill level 9 in Stealth
  7824 | D:6      | Reached skill level 5 in Spellcasting
  8068 | D:7      | Found a hazy altar of Hepliaklqana.
  8665 | D:7      | Reached skill level 1 in Shields
  8684 | D:7      | Reached XP level 10. HP: 30/69 MP: 6/17
  8877 | D:7      | Reached skill level 10 in Stealth
  8932 | D:8      | Identified the cursed +1 short sword of Day {flame, +Inv}
  8936 | D:8      | Reached skill level 5 in Short Blades
  8999 | D:8      | Noticed a two-headed ogre
  9034 | D:8      | Killed a two-headed ogre
  9196 | D:8      | Noticed a six-headed hydra
  9303 | D:8      | Reached **** piety under Ashenzari
  9427 | D:8      | Found Tulokell's Antique Weapon Shoppe.
  9466 | D:8      | Noticed Gastronok
  9549 | D:8      | Found a staircase to the Lair.
  9880 | D:9      | Reached skill level 11 in Stealth
 10155 | D:9      | Found a staircase to the Orcish Mines.
 10169 | D:9      | Found a roughly hewn altar of Beogh.
 10202 | D:9      | Found a sparkling altar of Nemelex Xobeh.
 10224 | D:9      | Noticed a two-headed ogre
 10253 | D:9      | Killed a two-headed ogre
 10253 | D:9      | Reached XP level 11. HP: 28/75 MP: 8/19
 10542 | D:9      | Found a radiant altar of Vehumet.
 10656 | D:9      | Found a burning altar of Makhleb.
 10658 | D:9      | Found an opulent altar of Gozag.
 10789 | D:9      | Found a basalt altar of Yredelemnul.
 10880 | D:10     | Entered Level 10 of the Dungeon
 10880 | D:10     | Noticed Maurice
 11303 | D:10     | Identified 2 scrolls of acquirement
 11306 | D:10     | Identified the cursed ring of Icygyj {rC+ Int+4} (You acquired it on level 10 of the Dungeon)
 11309 | D:10     | Identified the cursed ring "Fiujuoxt" {rF+ Str+4 Slay+3} (You acquired it on level 10 of the Dungeon)
 11725 | D:10     | Noticed a two-headed ogre
 11738 | D:10     | Killed a two-headed ogre
 11738 | D:10     | Reached skill level 12 in Stealth
 12025 | D:10     | Killed Maurice
 12097 | D:11     | Reached skill level 5 in Shields
 12351 | D:11     | Noticed an ettin
 12388 | D:11     | Noticed a cyclops
 12567 | D:11     | Noticed a manticore
 12624 | D:11     | Noticed a cyclops
 12692 | D:11     | Noticed a manticore
 12854 | Lair:1   | Entered Level 1 of the Lair of Beasts
 12940 | Lair:1   | Noticed bananaglory's ghost (journeyman DrWz)
 13010 | Lair:1   | Reached ***** piety under Ashenzari
 13340 | Lair:1   | Reached XP level 12. HP: 80/84 MP: 21/21
 13392 | Lair:1   | Reached skill level 13 in Stealth
 14764 | Lair:1   | Killed bananaglory's ghost
 14764 | Lair:1   | Reached skill level 14 in Stealth
 15150 | Lair:3   | Found a staircase to the Swamp.
 16109 | Lair:4   | Found a labyrinth entrance.
 16121 | Lab      | Entered a labyrinth
 16222 | Lab      | Reached ****** piety under Ashenzari
 16488 | Lab      | Identified the +4 mace of the Median {freeze, +Inv +Fly rF- rN+++}
 16556 | Lab      | Reached XP level 13. HP: 84/92 MP: 23/23
 17429 | Lab      | Found an exit through the horrors of the Abyss.
 17429 | Lab      | Noticed a minotaur
 17432 | Lab      | Killed a minotaur
 17437 | Lab      | Noticed Zeloya's ghost (journeyman KoAE)
 17563 | Lab      | Killed Zeloya's ghost
 17563 | Lab      | Reached skill level 15 in Stealth
 17655 | Lab      | Learned a level 3 spell: Stone Arrow
 17658 | Lab      | Learned a level 2 spell: Passwall
 17865 | Lair:4   | Found a staircase to the Snake Pit.
 18230 | Lair:4   | Reached skill level 10 in Fighting
 18607 | Lair:5   | Noticed Kirke
 18653 | Lair:5   | Reached skill level 5 in Conjurations
 18732 | Lair:5   | Learned a level 3 spell: Conjure Flame
 19045 | Lair:5   | Learned a level 6 spell: Freezing Cloud
 19344 | Lair:5   | Found a snail-covered altar of Cheibriados.
 19359 | Lair:5   | Reached skill level 1 in Ice Magic
 19860 | Lair:6   | Entered Level 6 of the Lair of Beasts
 20270 | Lair:6   | Noticed Josephine
 20542 | Lair:6   | Reached XP level 14. HP: 70/99 MP: 21/24
 20569 | Lair:6   | Found a staircase to the Slime Pits.
 20911 | Lair:6   | Reached skill level 16 in Stealth
 21506 | Lair:6   | Killed Josephine
 22674 | Lair:1   | Learned a level 6 spell: Bolt of Cold
 22750 | D:5      | Bought a runed large shield for 180 gold pieces
 22861 | D:8      | Killed Gastronok
 23186 | D:11     | Reached skill level 5 in Ice Magic
 23390 | Swamp:1  | Entered Level 1 of the Swamp
 24009 | Swamp:1  | Noticed Louise
 24067 | Swamp:1  | HP: 3/101 [alligator (14)]
 24067 | Swamp:1  | Slain by an alligator

Skill      XL: |  1  2  3  4  5  6  7  8  9 10 11 12 13 14 |
---------------+-------------------------------------------+-----
Stealth        | 3 4 5 6 7 8 9 11 12 14 15 16 | 16.8
Fighting       | 1 2 3 4 6 7 8 9 10 11 | 11.2
Short Blades   | 1 2 3 4 5 6 7 8 9 |  9.3
Dodging        | 3 4 5 6 7 8 |  8.4
Poison Magic   | 1 2 |  2.5
Spellcasting   | 4 5 6 7 |  7.8
Conjurations   | 2 3 4 5 6 |  6.0
Air Magic      | 1 2 3 4 |  4.6
Shields        | 1 3 5 7 8 9 |  9.4
Translocations | 2 3 |  3.4
Ice Magic      | 3 5 |  5.4
Summonings     | |  1.0
Transmutations | |  0.8
Fire Magic     | |  0.2

Action                   |  1- 3 |  4- 6 |  7- 9 | 10-12 | 13-15 || total
-------------------------+-------+-------+-------+-------+-------++-------
Melee: Dagger            |    74 |   169 |   239 |   686 |   695 ||  1863
       Constrict         |    18 |    37 |    35 |    63 |    27 ||   180
       Tentacles         |     9 |    23 |    27 |   100 |   102 ||   261
       Unarmed           |     2 |       |       |       |       ||     2
 Cast: Magic Dart        |    11 |    10 |    36 |    35 |    80 ||   172
       Blink             |     1 |     1 |       |     9 |    28 ||    39
       Mephitic Cloud    |       |     8 |    15 |    39 |    40 ||   102
       Stone Arrow       |       |       |       |       |    10 ||    10
       Conjure Flame     |       |       |       |       |     4 ||     4
       Passwall          |       |       |       |       |     5 ||     5
       Freezing Cloud    |       |       |       |       |     1 ||     1
Invok: Curse Item        |       |     2 |     1 |       |     3 ||     6
       Scrying           |       |       |       |     1 |     3 ||     4
Evoke: Wand              |       |       |       |     1 |       ||     1
  Use: Scroll            |     1 |     6 |       |    16 |     5 ||    28
       Potion            |       |       |       |     4 |     3 ||     7
 Stab: Sleeping          |     8 |    12 |     8 |    49 |    32 ||   109
       Confused          |       |     3 |     7 |    28 |    31 ||    69
       Distracted        |       |       |     1 |     2 |     6 ||     9
  Eat: Chunk             |     3 |     7 |    12 |    23 |    11 ||    56
       Meat ration       |       |     1 |       |     1 |     2 ||     4
Armor: Skin              |     4 |    13 |    12 |    31 |    27 ||    87
Dodge: Dodged            |    44 |   119 |   123 |   229 |   216 ||   731
Block: Buckler           |       |       |    12 |    75 |    88 ||   175
